 Dungeon Crawl Stone Soup version 0.21.1-1-g345015f (webtiles) character file.

226 tidbits the Grave Robber (level 6, -3/44 HPs)
             Began as a Gnoll Necromancer on June 20, 2018.
             Killed from afar by Dowan (18 damage)
             ... with a shard of ice
             ... on level 4 of the Dungeon.
             The game lasted 00:07:03 (828 turns).

tidbits the Grave Robber (Gnoll Necromancer)         Turns: 828, Time: 00:07:03

Health: -3/44      AC:  3    Str: 11      XL:     6   Next: 1%
Magic:  0/13       EV: 15    Int: 19      God:
Gold:   57         SH:  0    Dex: 14 (15) Spells: 7/15 levels left

rFire    x . .     SeeInvis .   l - +2 dagger (speed)
rCold    + . .     Gourm    .   (no shield)
rNeg     . . .     Faith    .   d - +0 robe
rPois    .         Spirit   .   E - +0 helmet
rElec    .         Reflect  .   (no cloak)
rCorr    .         Harm     .   (no gloves)
MR       .....                  (no boots)
Stlth    +++.......             i - amulet of magic regeneration
HPRegen  0.14/turn              m - ring of ice
MPRegen  0.38/turn              (no ring)

@: very slightly contaminated, hasted, very quick
A: distributed training, fangs 1, strong nose
a: no special abilities


You were on level 4 of the Dungeon.
You were not hungry.

You visited 1 branch of the dungeon, and saw 4 of its levels.

You collected 57 gold pieces.

Inventory:

Hand Weapons
 a - a +0 dagger
 e - a +0 flail
 l - a +2 dagger of speed (weapon)
   (You took it off a goblin on level 2 of the Dungeon)
Missiles
 f - 3 throwing nets (quivered) {!f}
 p - 2 javelins
Armour
 d - a +0 robe (worn)
 k - a +0 ring mail
 E - a +0 helmet (worn)
Jewellery
 i - an amulet of magic regeneration (around neck)
   (You found it on level 3 of the Dungeon)
 m - a ring of ice (left hand)
   (You found it on level 3 of the Dungeon)
Scrolls
 j - a scroll of amnesia
 n - a scroll of remove curse {unknown}
 o - a scroll of teleportation
Potions
 g - a potion of flight
Books
 b - a book of Necromancy

   Spells                             Type                      Level
   a - Pain                           Necromancy                   1
   b - Animate Skeleton               Necromancy                   1
   c - Vampiric Draining              Necromancy                   3
   d - Regeneration                   Charms/Necromancy            3
   e - Animate Dead                   Necromancy                   4
   f - Borgnjor's Vile Clutch         Necromancy/Earth             5
Comestibles
 c - 3 rations


   Skills:
 + Level 1.7 Fighting
 + Level 1.7 Short Blades
 + Level 1.7 Long Blades
 + Level 1.7 Axes
 + Level 1.7 Maces & Flails
 + Level 1.7 Polearms
 + Level 1.7 Staves
 + Level 1.7 Slings
 + Level 1.7 Bows
 + Level 1.7 Crossbows
 + Level 1.7 Throwing
 + Level 1.7 Armour
 + Level 4.9 Dodging
 + Level 4.5 Stealth
 + Level 1.7 Shields
 + Level 1.7 Unarmed Combat
 + Level 5.2 Spellcasting
 + Level 1.3 Conjurations
 + Level 1.3 Hexes
 + Level 1.3 Charms
 + Level 1.3 Summonings
 + Level 7.2 Necromancy
 + Level 1.3 Translocations
 + Level 1.3 Transmutations
 + Level 1.3 Fire Magic
 + Level 1.3 Ice Magic
 + Level 1.3 Air Magic
 + Level 1.3 Earth Magic
 + Level 1.3 Poison Magic
 + Level 1.9 Invocations
 + Level 1.7 Evocations


You had 7 spell levels left.
You knew the following spells:

 Your Spells              Type           Power        Failure   Level  Hunger
a - Pain                  Necr           ####         1%          1    None
d - Vampiric Draining     Necr           ####......   1%          3    ##.....
n - Animate Skeleton      Necr           N/A          1%          1    None
r - Regeneration          Chrm/Necr      ###.......   6%          3    ##.....


Dungeon Overview and Level Annotations

Branches:
Dungeon (4/15)
 Temple: D:4-7

Altars:

Shops:
D:4 [

Annotations:
D:4 Dowan


Innate Abilities, Weirdness & Mutations

Your experience applies equally to all skills.
You have very sharp teeth.
Your uncanny sense of smell can sniff out nearby items.


Message History

* * * LOW HITPOINT WARNING * * *
You are poisoned.
The quokka skeleton closely misses you.
Casting: Pain
Confirm with . or Enter, or press ? or * to list all spells.
Aiming: Pain
Press: ? - help, Shift-Dir - straight line, f/p - Duvessa
Aim: Duvessa, wielding a short sword of venom and wearing a leather armour (almost dead, fast, chance to defeat MR: 71%) Duvessa writhes in agony!
You kill Duvessa!
Dowan screams, "No!
Oh no!"
Dowan seems to find hidden reserves of power!
You feel your strength returning.
You feel your intelligence returning.
You feel your dexterity returning.
You have reached level 6!
Your experience leads to an increase in your attributes!
Your base attributes are Str 11, Int 18, Dex 15.
Increase (S)trength, (I)ntelligence, or (D)exterity?
You feel clever.
You feel sick.
You feel better.
Dowan casts a spell.
Dowan blinks!
The quokka skeleton closely misses you.
You barely miss the quokka skeleton. You barely miss the quokka skeleton.
The quokka skeleton bites you but does no damage.
Dowan zaps a wand.
The puff of flame misses you.
It is a wand of flame (25).
You hit the quokka skeleton.
The quokka skeleton is almost destroyed.
You hit the quokka skeleton.
You destroy the quokka skeleton!
Dowan zaps a wand.
The puff of flame misses you.
Casting: Pain
Confirm with . or Enter, or press ? or * to list all spells.
Aiming: Pain
Press: ? - help, Shift-Dir - straight line, f - Dowan
Aim: Dowan, wielding a dagger, wearing an embroidered robe and carrying a wand of flame (24) (fast, chance to defeat MR: 84%) Dowan writhes in agony!
Casting: Pain
Confirm with . or Enter, or press ? or * to list all spells.
Aiming: Pain
Press: ? - help, Shift-Dir - straight line, f/p - Dowan
Aim: Dowan, wielding a dagger, wearing an embroidered robe and carrying a wand of flame (24) (lightly wounded, fast, chance to defeat MR: 84%) Dowan barely resists.
Casting: Pain
Confirm with . or Enter, or press ? or * to list all spells.
Aiming: Pain
Press: ? - help, Shift-Dir - straight line, f/p - Dowan
Aim: Dowan, wielding a dagger, wearing an embroidered robe and carrying a wand of flame (24) (lightly wounded, fast, chance to defeat MR: 84%) Dowan writhes in agony!
Casting: Pain
Confirm with . or Enter, or press ? or * to list all spells.
Aiming: Pain
Press: ? - help, Shift-Dir - straight line, f/p - Dowan
Aim: Dowan, wielding a dagger, wearing an embroidered robe and carrying a wand of flame (24) (lightly wounded, fast, chance to defeat MR: 84%) Dowan barely resists.
Casting: Pain
Confirm with . or Enter, or press ? or * to list all spells.
Aiming: Pain
Press: ? - help, Shift-Dir - straight line, f/p - Dowan
Aim: Dowan, wielding a dagger, wearing an embroidered robe and carrying a wand of flame (24) (lightly wounded, fast, chance to defeat MR: 84%) Dowan writhes in agony!
Dowan hits you with a dagger.
Casting: Pain
Confirm with . or Enter, or press ? or * to list all spells.
Aiming: Pain
Press: ? - help, Shift-Dir - straight line, f/p - Dowan
Aim: Dowan, wielding a dagger, wearing an embroidered robe and carrying a wand of flame (24) (moderately wounded, fast, chance to defeat MR: 84%) Dowan writhes in agony!
Dowan misses you.
Casting: Pain
Confirm with . or Enter, or press ? or * to list all spells.
Aiming: Pain
Press: ? - help, Shift-Dir - straight line, f/p - Dowan
Aim: Dowan, wielding a dagger, wearing an embroidered robe and carrying a wand of flame (24) (moderately wounded, fast, chance to defeat MR: 84%) Dowan writhes in agony!
Dowan hits you with a dagger.
* * * LOW HITPOINT WARNING * * *
Casting: Pain
Confirm with . or Enter, or press ? or * to list all spells.
Aiming: Pain
Press: ? - help, Shift-Dir - straight line, f/p - Dowan
Aim: Dowan, wielding a dagger, wearing an embroidered robe and carrying a wand of flame (24) (severely wounded, fast, chance to defeat MR: 84%) Dowan writhes in agony!
Dowan closely misses you.
Casting: Pain
Confirm with . or Enter, or press ? or * to list all spells.
Aiming: Pain
Press: ? - help, Shift-Dir - straight line, f/p - Dowan
Aim: Dowan, wielding a dagger, wearing an embroidered robe and carrying a wand of flame (24) (almost dead, fast, chance to defeat MR: 84%)
You miscast Pain.
You are very lightly contaminated with residual magic.
Nothing appears to happen.
Dowan shakes with grief.
Dowan barely misses you.
Casting: Pain
Confirm with . or Enter, or press ? or * to list all spells.
Aiming: Pain
Press: ? - help, Shift-Dir - straight line, f/p - Dowan
Aim: Dowan, wielding a dagger, wearing an embroidered robe and carrying a wand of flame (24) (almost dead, fast, chance to defeat MR: 84%) Dowan writhes in agony!
Dowan points at you and mumbles some strange words.
The shard of ice hits you! You partially resist.
You die...

#.....# #(....
..#.......## #.....
#.(...>....## ###.##.#
#.♣.....♣..# #......#
#..........####.##.#.#
#...♣.♣....∩..e....#..
#..........##.......#.
#.♣..e..♣......#......
#....@)...............
##.......#............
##.....##!...........
#######.............
###...........[.#.
..#.....>....#####
............#
............. ∆
#..$.........


You could see Dowan.

Vanquished Creatures
  Duvessa (D:4)
  An iguana (D:3)
  3 gnolls (D:3)
  4 adders
  5 leopard geckos
  5 bats
  2 giant cockroaches
  4 goblins
  2 hobgoblins
  4 jackals (D:1)
  A frilled lizard (D:2)
  A quokka skeleton (D:4)
  3 rats
36 creatures vanquished.

Notes
Turn   | Place    | Note
-------+----------+-------------------------------------------
     0 | D:1      | tidbits the Gnoll Necromancer began the quest for the Orb.
     0 | D:1      | Reached XP level 1. HP: 13/13 MP: 6/6
    60 | D:1      | Reached XP level 2. HP: 15/19 MP: 5/7
    63 | D:1      | Learned a level 1 spell: Animate Skeleton
   244 | D:2      | Reached skill level 5 in Spellcasting
   244 | D:2      | Reached XP level 3. HP: 9/25 MP: 2/9
   249 | D:2      | Learned a level 3 spell: Vampiric Draining
   253 | D:2      | Learned a level 3 spell: Regeneration
   353 | D:3      | Reached skill level 1 in Invocations
   374 | D:4      | HP: 1/25 [leopard gecko (5)]
   384 | D:4      | Noticed Duvessa
   384 | D:4      | Noticed Dowan
   456 | D:3      | Noticed a phantom
   549 | D:3      | Reached skill level 1 in Fighting
   549 | D:3      | Reached skill level 1 in Short Blades
   549 | D:3      | Reached skill level 1 in Long Blades
   549 | D:3      | Reached skill level 1 in Axes
   549 | D:3      | Reached skill level 1 in Maces & Flails
   549 | D:3      | Reached skill level 1 in Polearms
   549 | D:3      | Reached skill level 1 in Staves
   549 | D:3      | Reached skill level 1 in Slings
   549 | D:3      | Reached skill level 1 in Bows
   549 | D:3      | Reached skill level 1 in Crossbows
   549 | D:3      | Reached skill level 1 in Throwing
   549 | D:3      | Reached skill level 1 in Armour
   549 | D:3      | Reached skill level 1 in Shields
   549 | D:3      | Reached skill level 1 in Unarmed Combat
   549 | D:3      | Reached skill level 1 in Evocations
   549 | D:3      | Reached XP level 4. HP: 28/32 MP: 6/11
   741 | D:4      | Reached skill level 1 in Conjurations
   741 | D:4      | Reached skill level 1 in Hexes
   741 | D:4      | Reached skill level 1 in Charms
   741 | D:4      | Reached skill level 1 in Summonings
   741 | D:4      | Reached skill level 1 in Translocations
   741 | D:4      | Reached skill level 1 in Transmutations
   741 | D:4      | Reached skill level 1 in Fire Magic
   741 | D:4      | Reached skill level 1 in Ice Magic
   741 | D:4      | Reached skill level 1 in Air Magic
   741 | D:4      | Reached skill level 1 in Earth Magic
   741 | D:4      | Reached skill level 1 in Poison Magic
   761 | D:4      | Found Himp's Antique Armour Shoppe.
   782 | D:3      | Reached XP level 5. HP: 13/37 MP: 9/12
   813 | D:4      | Killed Duvessa
   813 | D:4      | Reached XP level 6. HP: 21/44 MP: 6/13
   828 | D:4      | Killed from afar by Dowan

Skill      XL: |  1  2  3  4 |
---------------+-------------+-----
Spellcasting   | 5 |  5.2
Invocations    | 1 |  1.9
Fighting       | 1 |  1.7
Short Blades   | 1 |  1.7
Long Blades    | 1 |  1.7
Axes           | 1 |  1.7
Maces & Flails | 1 |  1.7
Polearms       | 1 |  1.7
Staves         | 1 |  1.7
Slings         | 1 |  1.7
Bows           | 1 |  1.7
Crossbows      | 1 |  1.7
Throwing       | 1 |  1.7
Armour         | 1 |  1.7
Shields        | 1 |  1.7
Unarmed Combat | 1 |  1.7
Evocations     | 1 |  1.7
Conjurations   | 1 |  1.3
Hexes          | 1 |  1.3
Charms         | 1 |  1.3
Summonings     | 1 |  1.3
Translocations | 1 |  1.3
Transmutations | 1 |  1.3
Fire Magic     | 1 |  1.3
Ice Magic      | 1 |  1.3
Air Magic      | 1 |  1.3
Earth Magic    | 1 |  1.3
Poison Magic   | 1 |  1.3
Dodging        | |  4.9
Stealth        | |  4.5
Necromancy     | |  7.2

Action                   |  1- 3 |  4- 6 || total
-------------------------+-------+-------++-------
Melee: Dagger            |     3 |     9 ||    12
 Cast: Pain              |    40 |    37 ||    77
       Regeneration      |     2 |     1 ||     3
  Use: Potion            |     3 |     3 ||     6
       Scroll            |     3 |     1 ||     4
 Stab: Sleeping          |     1 |       ||     1
Armor: Robe              |     3 |     3 ||     6
Dodge: Dodged            |     8 |    28 ||    36

Table legend:
 A = Turns spent in this place as a percentage of turns spent in the entire game.
 B = Non-inter-level travel turns spent in this place as a percentage of non-inter-level travel turns spent in the entire game.
 C = Inter-level travel turns spent in this place as a percentage of turns spent in this place.
 D = Turns resting spent in this place as a percentage of non-inter-level travel turns spent in this place.
 E = Turns spent auto-exploring this place as a percentage of non-inter-level travel turns spent in this place.
 F = Non-inter-level travel turns spent in this place divided by the number of levels of this place that you've seen.
                   A       B       C       D       E      F
               +-------+-------+-------+-------+-------+----------------------
         Total | 100.0 | 100.0 |   3.7 |   0.0 |   0.0 | 199.2
       Dungeon | 100.0 | 100.0 |   3.7 |   0.0 |   0.0 | 199.2
               +-------+-------+-------+-------+-------+----------------------

Table legend:
 A = Kills in this place as a percentage of kills in entire the game.
 B = Kills by you in this place as a percentage of kills by you in the entire game.
 C = Kills by friends in this place as a percentage of kills by friends in the entire game.
 D = Other kills in this place as a percentage of other kills in the entire game.
 E = Experience gained in this place as a percentage of experience gained in the entire game.
 F = Experience gained in this place divided by the number of levels of this place that you have seen.
                   A       B       C       D       E      F
               +-------+-------+-------+-------+-------+----------------------
         Total | 100.0 | 100.0 |   N/A |   N/A | 100.0 |  81.0
       Dungeon | 100.0 | 100.0 |   N/A |   N/A | 100.0 |  81.0
               +-------+-------+-------+-------+-------+----------------------

Vault maps used:
D:1:      dpeg_arrival_oval, minmay_rat_gold_closets
D:2:      first_ration
D:3:      uniq_grinder
D:4:      serial_shops, shop, grunt_ministairs_10, uniq_duvessa
